 Dungeon Crawl Stone Soup version 0.29.0-4-gdea44cf6ec (webtiles) character file.

Game seed: 13071514415775918617

109 qw the Trooper (level 4, -7/48 HPs)
             Began as an Ogre Enchanter on Sept 4, 2022.
             Mangled by an iguana (9 damage)
             ... on level 4 of the Dungeon.
             The game lasted 00:01:28 (2994 turns).

qw the Trooper (Ogre Enchanter)                     Turns: 2994, Time: 00:01:29

Health: -7/48      AC:  4    Str: 14    XL:     4   Next: 89%
Magic:  7/7        EV:  9    Int: 16    God:
Gold:   108        SH:  0    Dex:  9    Spells: 7/7 levels left

rFire   . . .      SeeInvis .   Y - +1 hand axe
rCold   . . .      Faith    .   (no shield)
rNeg    . . .      Spirit   .   b - +0 robe
rPois   .          Reflect  .   (helmet restricted)
rElec   .          Harm     .   j - +0 cloak
rCorr   .          Rampage  .   (gloves unavailable)
Will    .....                   (boots unavailable)
Stlth   ++........              (no amulet)
HPRegen 0.16/turn               (no ring)
MPRegen 0.10/turn               (no ring)

@: no status effects
A: large, unfitting armour, tough skin 1
a: no special abilities


You were on level 4 of the Dungeon.
You visited 1 branch of the dungeon, and saw 4 of its levels.

You collected 196 gold pieces.
You spent 88 gold pieces at shops.


Innate Abilities, Weirdness & Mutations

You are too large for most types of armour.
You have tough skin. (AC +1)


   Skills:
 - Level 3.8 Fighting
 - Level 0.8 Short Blades
 + Level 3.0 Axes
 - Level 1.7 Dodging
 - Level 2.1 Stealth
 - Level 2.4 Spellcasting
 - Level 2.6 Hexes


You had 7 spell levels left.
You didn't know any spells.
Your spell library contained the following spells:

 Spells                   Type           Power      Damage    Failure   Level
 Ensorcelled Hibernation  Hex/Ice        12%        N/A       17%         2
 Confusing Touch          Hex            10%        N/A       21%         3
 Tukima's Dance           Hex            10%        N/A       21%         3
 Dazzling Flash           Conj/Hex       12%        N/A       34%         3

Inventory:

Hand Weapons
 l - a +0 whip
 Y - a +1 hand axe (weapon)
Missiles
 a - 3 boomerangs (quivered)
Armour
 b - a +0 robe (worn)
 j - a +0 cloak (worn)
Scrolls
 h - 6 scrolls of identify
Potions
 c - a potion of mutation
 e - 2 potions of curing
 f - a potion of haste
 k - a potion of cancellation

Dungeon Overview and Level Annotations

Branches:
Dungeon (4/15)
 Temple: D:4-7

Altars:

Shops:
D:3 *


Message History

You hit the iguana but do no damage.
The iguana is moderately wounded.
The iguana closely misses you.
You completely miss the iguana.
The iguana is moderately wounded.
The iguana barely misses you. The iguana bites you!
You hit the iguana but do no damage.
The iguana is moderately wounded.
The iguana bites you.
You hit the iguana.
The iguana is heavily wounded.
The iguana bites you.
You hit the iguana but do no damage. Your punch misses the iguana.
The iguana is heavily wounded.
The iguana closely misses you.
You barely miss the iguana.
The iguana is heavily wounded.
The iguana bites you!
You hit the iguana but do no damage.
The iguana is heavily wounded.
The iguana bites you.
You barely miss the iguana.
The iguana is heavily wounded.
The iguana misses you. The iguana closely misses you.
You completely miss the iguana.
The iguana is heavily wounded.
The iguana bites you!
You completely miss the iguana.
The iguana is heavily wounded.
The iguana bites you but does no damage.
You hit the iguana.
The iguana is severely wounded.
The iguana barely misses you.
You hit the iguana. Your punch misses the iguana.
The iguana is almost dead.
The iguana bites you but does no damage.
You hit the iguana but do no damage.
The iguana is almost dead.
The iguana bites you!
You die...

######### ##### #.......#
#^..# #.#####.#
#...###########.#####.#
####...#...>..##......##.#
#.....[...###.......#.##.#
#..........##.##.#..#.##.#
#...........@....#.......#
##.#...#.####l#####.#.####
##......####.#####.#.#
##.<..#.......>....#.#
#.....).l###########.#
#.#..##..# #.. #.#..##..#
### #.#.....l# #.#.##...#


You could see an iguana.

Vanquished Creatures
  An orc priest (D:4)
  2 adders (D:2)
  A dart slug (D:3)
  6 orcs
  4 ball pythons
  9 endoplasms
  A giant cockroach (D:3)
  6 goblins
  5 hobgoblins
  5 kobolds
  4 quokkas
  2 bats
  2 rats
48 creatures vanquished.

Notes
Turn   | Place    | Note
-------+----------+-------------------------------------------
     0 | D:1      | qw the Ogre Enchanter began the quest for the Orb.
     0 | D:1      | Reached XP level 1. HP: 16/16 MP: 3/3
     0 | D:1      | 0 ||| qw: Version: 0.1-a-103-gd6f5d3a
     0 | D:1      | 0 ||| qw: Game counter: 5573
     0 | D:1      | 0 ||| qw: Always use a shield: true
     0 | D:1      | 0 ||| qw: God list: Okawaru
     0 | D:1      | 0 ||| qw: Allow faded altars: false
     0 | D:1      | 0 ||| qw: Do Orc after D:15 true
     0 | D:1      | 0 ||| qw: Do second Lair branch before Depths: true
     0 | D:1      | 0 ||| qw: Lair rune preference: random
     0 | D:1      | 0 ||| qw: Plans: Normal
     0 | D:1      | 0 ||| PLANNING D:1-11
    29 | D:1      | 29 ||| Stepping ~*~*~tactically~*~*~ (stealth).
    57 | D:1      | Reached skill level 1 in Axes
   290 | D:1      | 290 ||| SWAPPING to +0 club.
   291 | D:1      | 291 ||| DROPPING +1 dagger.
   319 | D:1      | Reached skill level 1 in Fighting
   319 | D:1      | Reached XP level 2. HP: 27/27 MP: 5/5
   342 | D:1      | 342 ||| SWAPPING to +0 hand axe.
   685 | D:1      | 685 ||| DROPPING +0 club.
   774 | D:1      | 774 ||| UPGRADING to +0 cloak.
   779 | D:1      | 779 ||| READING 2 scrolls labelled MYFOEZXIOF.
   780 | D:1      | 780 ||| READING scroll labelled SYBLUY ZUSS.
   784 | D:1      | 784 ||| READING scroll labelled YDAREA REILOUH.
   785 | D:1      | 785 ||| READING scroll labelled FUAMMA BOTYRIRGH.
   786 | D:1      | 786 ||| DROPPING 2 potions of invisibility.
   787 | D:1      | 787 ||| DROPPING scroll of fog.
   993 | D:2      | 993 ||| Stepping ~*~*~tactically~*~*~ (stealth).
   996 | D:2      | 996 ||| Stepping ~*~*~tactically~*~*~ (stealth).
   998 | D:2      | 998 ||| Stepping ~*~*~tactically~*~*~ (stealth).
  1031 | D:2      | 1031 ||| Stepping ~*~*~tactically~*~*~ (stealth).
  1084 | D:2      | Reached XP level 3. HP: 35/35 MP: 6/6
  1146 | D:2      | HP: 8/35 [poisoned by an adder]
  1147 | D:2      | 1147 ||| READING scroll of teleportation.
  1634 | D:2      | 1634 ||| READING 2 scrolls labelled LYET YMAIC.
  1635 | D:2      | 1635 ||| READING scroll labelled TEIRUG XYATRO.
  1636 | D:2      | 1636 ||| DRINKING 2 lumpy inky potions.
  1637 | D:2      | 1637 ||| DRINKING 3 bubbling grey potions.
  1638 | D:2      | 1638 ||| READING 3 scrolls of identify.
  1638 | D:2      | 1638 ||| IDENTIFYING glowing orange potion
  1639 | D:2      | 1639 ||| READING 2 scrolls of identify.
  1639 | D:2      | 1639 ||| IDENTIFYING metallic coppery potion
  1640 | D:2      | 1640 ||| DROPPING potion of attraction.
  1641 | D:2      | 1641 ||| DROPPING potion of flight.
  1642 | D:2      | 1642 ||| DROPPING scroll of amnesia.
  1662 | D:3      | Found a faded altar of an unknown god.
  1804 | D:3      | 1804 ||| Stepping ~*~*~tactically~*~*~ (stealth).
  1806 | D:3      | 1806 ||| Stepping ~*~*~tactically~*~*~ (stealth).
  1808 | D:3      | 1808 ||| Stepping ~*~*~tactically~*~*~ (stealth).
  1812 | D:3      | 1812 ||| Stepping ~*~*~tactically~*~*~ (stealth).
  1814 | D:3      | 1814 ||| Stepping ~*~*~tactically~*~*~ (stealth).
  1827 | D:3      | 1827 ||| FLEEEEING.
  1941 | D:3      | 1941 ||| Stepping ~*~*~tactically~*~*~ (stealth).
  1959 | D:3      | Reached XP level 4. HP: 32/44 MP: 7/7
  2057 | D:3      | Found Laplofoc's General Store.
  2060 | D:3      | 2060 ||| BUYING 3 scrolls of identify (66 gold).
  2060 | D:3      | Bought 3 scrolls of identify for 66 gold pieces
  2060 | D:3      | 2060 ||| BUYING scroll of identify (22 gold).
  2060 | D:3      | Bought a scroll of identify for 22 gold pieces
  2125 | D:3      | 2125 ||| Stepping ~*~*~tactically~*~*~ (stealth).
  2437 | D:3      | Reached skill level 3 in Axes
  2522 | D:3      | 2522 ||| READING scroll labelled VAMOZO ACSIY.
  2523 | D:3      | 2523 ||| READING 8 scrolls of identify.
  2523 | D:3      | 2523 ||| IDENTIFYING orange potion
  2524 | D:3      | 2524 ||| READING 7 scrolls of identify.
  2524 | D:3      | 2524 ||| IDENTIFYING green potion
  2660 | D:4      | 2660 ||| Stepping ~*~*~tactically~*~*~ (stealth).
  2662 | D:4      | 2662 ||| Stepping ~*~*~tactically~*~*~ (stealth).
  2664 | D:4      | 2664 ||| Stepping ~*~*~tactically~*~*~ (stealth).
  2714 | D:4      | 2714 ||| Stepping ~*~*~tactically~*~*~ (stealth).
  2717 | D:4      | 2717 ||| Stepping ~*~*~tactically~*~*~ (hiding).
  2726 | D:4      | HP: 7/44 [orc/+0 war axe (8)]
  2731 | D:4      | Reached skill level 3 in Fighting
  2772 | D:4      | 2772 ||| FLEEEEING.
  2773 | D:4      | 2773 ||| FLEEEEING.
  2774 | D:4      | 2774 ||| FLEEEEING.
  2775 | D:4      | 2775 ||| FLEEEEING.
  2776 | D:4      | 2776 ||| FLEEEEING.
  2777 | D:4      | 2777 ||| FLEEEEING.
  2778 | D:4      | 2778 ||| FLEEEEING.
  2779 | D:4      | 2779 ||| FLEEEEING.
  2780 | D:4      | 2780 ||| FLEEEEING.
  2781 | D:4      | 2781 ||| FLEEEEING.
  2783 | D:4      | 2783 ||| FLEEEEING.
  2784 | D:4      | 2784 ||| FLEEEEING.
  2785 | D:4      | 2785 ||| FLEEEEING.
  2786 | D:4      | 2786 ||| FLEEEEING.
  2787 | D:4      | 2787 ||| FLEEEEING.
  2788 | D:4      | 2788 ||| FLEEEEING.
  2789 | D:4      | 2789 ||| FLEEEEING.
  2790 | D:4      | 2790 ||| FLEEEEING.
  2791 | D:4      | 2791 ||| FLEEEEING.
  2792 | D:4      | 2792 ||| FLEEEEING.
  2793 | D:4      | 2793 ||| FLEEEEING.
  2794 | D:4      | 2794 ||| FLEEEEING.
  2795 | D:4      | 2795 ||| FLEEEEING.
  2796 | D:4      | 2796 ||| FLEEEEING.
  2798 | D:4      | 2798 ||| FLEEEEING.
  2799 | D:4      | 2799 ||| FLEEEEING.
  2800 | D:4      | 2800 ||| FLEEEEING.
  2803 | D:4      | 2803 ||| FLEEEEING.
  2804 | D:4      | 2804 ||| FLEEEEING.
  2805 | D:4      | 2805 ||| FLEEEEING.
  2806 | D:4      | 2806 ||| FLEEEEING.
  2807 | D:4      | 2807 ||| FLEEEEING.
  2808 | D:4      | 2808 ||| FLEEEEING.
  2809 | D:4      | 2809 ||| FLEEEEING.
  2810 | D:4      | 2810 ||| FLEEEEING.
  2813 | D:4      | 2813 ||| FLEEEEING.
  2815 | D:4      | 2815 ||| STAIRDANCE
  2988 | D:4      | HP: 8/48 [iguana (6)]
  2990 | D:4      | HP: 1/48 [iguana (7)]
  2994 | D:4      | Mangled by an iguana

Levels and vault maps discovered:
D:1:      amcnicky_arrival_choice, layout_basic, minmay_distorted
D:2:      layout_rooms
D:3:      layout_basic, nicolae_ecumenical_pavilion, serial_shops,
          nicolae_shop_window_shopping, roderic_st_hans_cross
D:4:      layout_loops_cross, amcnicky_mini_pool_small, kennysheep_donut,
          uniq_eustachio

Skill      XL: |  1  2  3  4 |
---------------+-------------+-----
Axes           | 1 2 3 |  3.0
Fighting       | 1 2 3 |  3.8
Short Blades   | |  0.8
Dodging        | |  1.7
Stealth        | |  2.1
Spellcasting   | |  2.4
Hexes          | |  2.6

Action                   |  1- 3 |  4- 6 || total
-------------------------+-------+-------++-------
Melee: Dagger            |    25 |       ||    25
       Club              |     1 |       ||     1
       Hand axe          |   122 |    69 ||   191
       Punch             |     1 |       ||     1
Throw: Boomerang         |       |     2 ||     2
  Use: Scroll            |     9 |     3 ||    12
       Potion            |     2 |       ||     2
Armor: Robe              |    63 |    15 ||    78
Dodge: Dodged            |    77 |    30 ||   107

Table legend:
 A = Non-vault XP
 B = Vault XP
 C = Vault XP percentage of total XP
 D = Non-vault monster count
 E = Vault monster count
 F = Vault count percentage of total count
                 A         B        C        D         E       F
            +---------+---------+-------+---------+---------+-------
      Total |     149 |       7 |   4.5 |      44 |       4 |   8.3
            +---------+---------+-------+---------+---------+-------
        D:1 |      10 |       7 |  41.2 |       6 |       4 |  40.0
        D:2 |      46 |       0 |   0.0 |      13 |       0 |   0.0
        D:3 |      32 |       0 |   0.0 |      15 |       0 |   0.0
        D:4 |      61 |       0 |   0.0 |      10 |       0 |   0.0
            +---------+---------+-------+---------+---------+-------
